 Dungeon Crawl Stone Soup version 0.31-a0-214-gb37851dbb3 (webtiles) character file.

Game seed: 5317111608261252131

8978 qw the Blocker (level 11, -5/67 HPs)
             Began as a Gargoyle Fighter on July 1, 2023.
             Was an Elder of Okawaru.
             Killed from afar by a ynoxinul (24 damage)
             ... with an entropic shot
             ... summoned by a kobold demonologist
             ... on level 1 of the Abyss.
             The game lasted 00:05:16 (9697 turns).

qw the Blocker (Gargoyle Fighter)                   Turns: 9697, Time: 00:05:17

Health: -5/67      AC: 31    Str: 30    XL:     11   Next: 39%
Magic:  0/14       EV:  9    Int:  9    God:    Okawaru [****..]
Gold:   207        SH: 18    Dex:  9    Spells: 10/10 levels left

rFire   . . .        i - +1 war axe (freeze)
rCold   . . .        b - +0 tower shield
rNeg    + . .        h - +0 plate armour
rPois   inf          (helmet restricted)
rElec   +            f - +1 cloak
rCorr   .            q - +2 pair of gloves
SInv    .            (no boots)
Will    .....        p - amulet of faith Stlth
                     g - +6 ring of strength
HPRegen 0.31/turn    o - +4 ring of slaying {mikee}
MPRegen 0.14/turn

%: faith
@: about to teleport, heroic
A: sickness immunity, AC +8, negative energy resistance 1, electricity
resistance, torment resistance 1, petrification resistance, antennae 1,
iridescent scales 1
a: Renounce Religion, Heroism, Finesse


You were on level 1 of the Abyss.
You worshipped Okawaru.
Okawaru was greatly pleased with you.
You visited 2 branches of the dungeon, and saw 11 of its levels.
You visited the Abyss 1 time.

You collected 435 gold pieces.
You spent 228 gold pieces at shops.


Innate Abilities, Weirdness & Mutations

You are immune to sickness and miasma.
Your stone body is resilient. (AC +8)
You are immune to poison.
You resist negative energy. (rN+)
You are resistant to electric shocks. (rElec)
You are resistant to unholy torment.
You are immune to petrification.
You have a pair of small antennae on your head.
You are partially covered in iridescent scales. (AC +2)


   Skills:
 - Level 7.0(12.0) Fighting
 + Level 9.7(14.7) Axes
 - Level 2.0(7.0) Throwing
 - Level 6.1(11.1) Armour
 - Level 2.1(7.1) Dodging
 - Level 12.0(17.0) Shields
 + Level 4.4 Invocations


You had 10 spell levels left.
You didn't know any spells.
Your spell library was empty.

Inventory:

Hand Weapons
 i - a +1 war axe of freezing (weapon)
 m - a +1 flail of protection
Missiles
 l - 13 boomerangs (quivered)
Armour
 b - a +0 tower shield (worn)
 f - a +1 cloak (worn)
 h - a +0 plate armour (worn)
 q - a +2 pair of gloves (worn)
 s - the +4 skin of Zhor {*Englaciate rC+++ SInv}
   (You found it on level 7 of the Dungeon)

   *Englaciate: It radiates cold, occasionally slowing all nearby creatures who
   are not resistant to cold.
   rC:        It renders you almost immune to cold.
   SInv:      It lets you see invisible.
Jewellery
 g - a +6 ring of strength (left hand)
 k - an amulet of guardian spirit
 o - a +4 ring of slaying (right hand) {mikee}
 p - an amulet of faith (around neck)
 Y - a ring of protection from fire
Wands
 r - a wand of digging (5)
Scrolls
 c - 3 scrolls of teleportation
 e - 5 scrolls of identify
 t - a scroll of acquirement {unknown}
Potions
 d - 3 potions of might
 j - 2 potions of haste
 n - 4 potions of attraction
 u - a potion of enlightenment {unknown}

Dungeon Overview and Level Annotations

Branches:
Dungeon (10/15)            Temple (1/1) D:6
   Lair: D:8-11         Orc: D:9-12

Altars:
Ashenzari
Cheibriados
Dithmenos
Elyvilon
Fedhas
Gozag
Hepliaklqana
Kikubaaqudgha
Makhleb
Nemelex Xobeh
Okawaru
Qazlal
Ru
Sif Muna
Trog
Uskayaw
Vehumet
Wu Jian
Xom
Yredelemnul
Zin
The Shining One

Shops:
D:8 ?

Annotations:
D:10 Erolcha


Message History

Something hits you!
You feel your power leaking away.
Deactivating autopickup; reactivate with Ctrl-A.
You barely miss something. You hit something but do no damage.
You block something's attack.
You miss something. Something hits you!!
You feel your power leaking away. You block the orange demon's attack.
The neqoxec gestures at you.
Something tries to feed on your intellect!
You barely miss something. Something hits you.
You block the orange demon's attack.
The ufetubus shouts!
You hit something but do no damage. Something hits you!
You block the orange demon's attack.
9694 ||| READING 4 scrolls of teleportation.
As you read the scroll of teleportation, it crumbles to dust.
You feel strangely unstable.
You feel the power of the Abyss delaying your translocation!
The freezing wraith disappears in a puff of smoke!
Something hits you but does no damage. The orange demon stings you from afar.
9695 ||| DRINKING potion of heal wounds.
You feel much better.
The ufetubus disappears in a puff of smoke!
The worldbinder calls forth creatures from the Crypt!
Something hits you!
You feel your power leaking away.
The orange demon stings you but does no damage.
You miss something.
The skeletal warrior disappears in a puff of smoke! x2
You block something's attack.
The orange demon stings you but does no damage.
You slash something! You freeze something.
You are no longer corroded.
Something hits you! The ynoxinul gestures at you. The entropic shot hits you!!
You die...

. . .... #!
. .. .# #.##
..# ..
..#..# #3
5.#. .
..##..#.
x35.. # # #.
#.....##4K#
# # .. ...
##@{# .
#....
#.##55W.# ..
..... .#
..## {...# .
#....# ..#.#
...# . ## .
..###..# #..
# ##.#.. . .
.# . ..#
#... ..# .#
# . .# .. ..
#.#.#.. ...
..
#.##.###.#.#


You could see an orange demon (summoned), a freezing wraith (summoned), a kobold
demonologist, a neqoxec, a ynoxinul (summoned) and 4 ufetubi.

Vanquished Creatures
  A sixfirhy (Abyss:1)
  A large abomination (Abyss:1)
  2 kobold demonologists (D:9)
  A rime drake (D:7)
  A hellwing (Abyss:1)
  Grinder (D:4)
  Prince Ribbit (D:6)
  9 yaks
  3 steam dragons
  2 fire bats (Abyss:1)
  2 vampire mosquitoes (D:9)
  2 acid dragons (D:9)
  A hell hound (Abyss:1)
  2 black bears
  7 orc warriors
  2 ice beasts
  A sky beast (D:7)
  3 centaurs
  A phantom (D:5)
  3 kobold brigands
  2 bullfrogs
  2 gnoll sergeants
  4 scorpions
  3 wights (D:6)
  13 killer bees
  2 howler monkeys (D:5)
  2 hounds
  7 orc priests
  A gnoll bouda (D:6)
  3 jellies
  Ijyb (D:4)
  2 iguanas
  A sleepcap (D:8)
  13 orc wizards
  Robin (D:4)
  6 adders
  20 gnolls
  3 white imps
  2 ufetubi (D:5)
  5 worms
  49 orcs
  A bat (D:1)
  9 endoplasms
  2 giant cockroaches
  14 goblins
  7 hobgoblins
  21 kobolds
  7 quokkas
  2 ball pythons
  3 frilled lizards
  6 rats
260 creatures vanquished.

Vanquished Creatures (others)
  A lurking horror (Abyss:1)
1 creature vanquished.

Grand Total: 261 creatures vanquished

Notes
Turn   | Place    | Note
-------+----------+-------------------------------------------
     0 | D:1      | qw the Gargoyle Fighter began the quest for the Orb.
     0 | D:1      | Reached XP level 1. HP: 14/14 MP: 1/1
     0 | D:1      | 0 ||| qw: Version: 0.3-a-32-g5962c71
     0 | D:1      | 0 ||| qw: Game counter: 7534
     0 | D:1      | 0 ||| qw: Melee chars always use a shield: true
     0 | D:1      | 0 ||| qw: God list: Okawaru
     0 | D:1      | 0 ||| qw: Allow faded altars: false
     0 | D:1      | 0 ||| qw: Do Orc after clearing Dungeon:15 true
     0 | D:1      | 0 ||| qw: Do second Lair branch before Depths: true
     0 | D:1      | 0 ||| qw: Lair rune preference: random
     0 | D:1      | 0 ||| qw: Goals: Normal, Zot:1-4, Slime:5, God:TSO, Crypt,
                  | Tomb, Abyss, Pan, Hells, Win
     0 | D:1      | 0 ||| PLANNING D:1-11
   218 | D:1      | 218 ||| Stepping ~*~*~tactically~*~*~ (hiding).
   224 | D:1      | Reached XP level 2. HP: 19/19 MP: 2/2
   271 | D:1      | 271 ||| Stepping ~*~*~tactically~*~*~ (stealth).
   628 | D:1      | Found a faded altar of an unknown god.
   904 | D:1      | 904 ||| UPGRADING to +6 ring of strength.
   905 | D:1      | 905 ||| UPGRADING to ring of protection from fire.
   906 | D:1      | 906 ||| READING scroll labelled GOCADUD ARISKO.
   907 | D:1      | 907 ||| READING scroll labelled HATWUIRYEG.
   951 | D:2      | 951 ||| DROPPING +0 club.
   981 | D:2      | 981 ||| Stepping ~*~*~tactically~*~*~ (hiding).
   988 | D:2      | Reached skill level 3 in Axes
   996 | D:2      | Reached XP level 3. HP: 22/23 MP: 3/3
  1001 | D:2      | 1001 ||| Stepping ~*~*~tactically~*~*~ (stealth).
  1084 | D:2      | Reached XP level 4. HP: 28/28 MP: 4/4
  1096 | D:2      | 1096 ||| DROPPING +0 whip.
  1618 | D:2      | 1618 ||| READING scroll labelled HEALIANOQO.
  1619 | D:2      | 1619 ||| READING scroll labelled ENELENYT FORI.
  1624 | D:2      | 1624 ||| READING scroll labelled UKUTTI QILAF.
  1625 | D:2      | 1625 ||| READING scroll labelled TATILYUMUC.
  1642 | D:2      | 1642 ||| READING scroll labelled GOZOTZ FIRIA.
  1643 | D:2      | 1643 ||| DRINKING 2 fuming purple potions.
  1643 | D:2      | Gained mutation: Armour fits poorly on your strangely
                  | shaped body. [potion of mutation]
  1643 | D:2      | Gained mutation: You are clumsy. (Dex -2) [potion of
                  | mutation]
  1643 | D:2      | Gained mutation: Your magical capacity is low. (-10% MP)
                  | [potion of mutation]
  1644 | D:2      | 1644 ||| DRINKING potion of mutation.
  1644 | D:2      | Lost mutation: Your magical capacity is low. (-10% MP)
                  | [potion of mutation]
  1644 | D:2      | Lost mutation: Armour fits poorly on your strangely shaped
                  | body. [potion of mutation]
  1644 | D:2      | Lost mutation: You are clumsy. (Dex -2) [potion of
                  | mutation]
  1644 | D:2      | Gained mutation: You are partially covered in iridescent
                  | scales. (AC +2) [potion of mutation]
  1644 | D:2      | Gained mutation: You have a pair of small antennae on your
                  | head. [potion of mutation]
  1656 | D:2      | 1656 ||| READING 5 scrolls of identify.
  1656 | D:2      | 1656 ||| IDENTIFYING emerald potion
  1657 | D:2      | 1657 ||| READING 4 scrolls of identify.
  1657 | D:2      | 1657 ||| IDENTIFYING amethyst potion
  1658 | D:2      | 1658 ||| DROPPING potion of degeneration.
  1862 | D:3      | HP: 7/28 [orc/+0 flail (7)]
  1863 | D:3      | Reached XP level 5. HP: 5/32 MP: 5/5
  1863 | D:3      | 1863 ||| DRINKING potion of heal wounds.
  1979 | D:3      | Noticed a black bear
  1984 | D:3      | Killed a black bear
  1985 | D:3      | Reached XP level 6. HP: 37/37 MP: 6/6
  2011 | D:3      | 2011 ||| UPGRADING to +1 cloak.
  2019 | D:3      | 2019 ||| UPGRADING to +0 chain mail.
  2029 | D:3      | 2029 ||| DROPPING +0 scale mail.
  2030 | D:3      | 2030 ||| UPGRADING to +0 pair of gloves.
  2071 | D:3      | 2071 ||| UPGRADING to +0 tower shield.
  2081 | D:3      | 2081 ||| DROPPING +0 buckler.
  2082 | D:3      | 2082 ||| READING scroll labelled YHISHEUSEXA.
  2083 | D:3      | 2083 ||| READING scroll labelled RIJI CU IH REMP.
  2084 | D:3      | 2084 ||| READING scroll labelled ZAHAKA PAUTOISM.
  2085 | D:3      | 2085 ||| READING 4 scrolls of identify.
  2085 | D:3      | 2085 ||| IDENTIFYING sapphire potion
  2100 | D:4      | 2100 ||| PLANNING SEWER
  2108 | D:4      | Noticed Robin
  2117 | D:4      | Killed Robin
  2149 | D:4      | 2149 ||| Stepping ~*~*~tactically~*~*~ (stealth).
  2151 | D:4      | 2151 ||| Stepping ~*~*~tactically~*~*~ (stealth).
  2189 | D:4      | 2189 ||| Stepping ~*~*~tactically~*~*~ (stealth).
  2240 | D:4      | 2240 ||| Stepping ~*~*~tactically~*~*~ (stealth).
  2248 | D:4      | Reached skill level 4 in Shields
  2252 | D:4      | 2252 ||| FLEEEEING.
  2253 | D:4      | 2253 ||| FLEEEEING.
  2254 | D:4      | 2254 ||| FLEEEEING.
  2262 | D:4      | 2262 ||| Stepping ~*~*~tactically~*~*~ (stealth).
  2270 | D:4      | 2270 ||| Stepping ~*~*~tactically~*~*~ (stealth).
  2287 | D:4      | 2287 ||| Stepping ~*~*~tactically~*~*~ (stealth).
  2288 | D:4      | 2288 ||| Stepping ~*~*~tactically~*~*~ (stealth).
  2324 | D:4      | Noticed Ijyb
  2330 | D:4      | Killed Ijyb
  2349 | D:4      | Found a hazy altar of Hepliaklqana.
  2349 | D:4      | Found an opulent altar of Gozag.
  2634 | D:4      | 2634 ||| Stepping ~*~*~tactically~*~*~ (hiding).
  2635 | D:4      | 2635 ||| Stepping ~*~*~tactically~*~*~ (hiding).
  2658 | D:4      | Reached skill level 5 in Shields
  2666 | D:4      | 2666 ||| RIP SEWER
  2711 | D:4      | Noticed Grinder
  2712 | D:4      | 2712 ||| PLANNING D:1-11
  2712 | D:4      | 2712 ||| Stepping ~*~*~tactically~*~*~ (hiding).
  2720 | D:4      | Paralysed by Grinder for 3 turns
  2723 | D:4      | 2723 ||| Stepping ~*~*~tactically~*~*~ (hiding).
  2726 | D:4      | Paralysed by Grinder for 2 turns
  2730 | D:4      | Paralysed by Grinder for 3 turns
  2743 | D:4      | 2743 ||| Stepping ~*~*~tactically~*~*~ (hiding).
  2744 | D:4      | 2744 ||| FLEEEEING.
  2748 | D:4      | 2748 ||| FLEEEEING.
  2749 | D:4      | 2749 ||| FLEEEEING.
  2757 | D:4      | Killed Grinder
  2758 | D:4      | Reached skill level 6 in Shields
  2758 | D:4      | Reached XP level 7. HP: 25/41 MP: 7/7
  3250 | D:4      | Reached skill level 7 in Shields
  3399 | D:4      | 3399 ||| READING 3 scrolls of identify.
  3399 | D:4      | 3399 ||| IDENTIFYING fizzy cyan potion
  3400 | D:4      | 3400 ||| READING 2 scrolls of identify.
  3400 | D:4      | 3400 ||| IDENTIFYING ruby potion
  3401 | D:4      | 3401 ||| DROPPING potion of brilliance.
  3451 | D:5      | Entered Level 5 of the Dungeon
  3468 | D:5      | Reached XP level 8. HP: 46/46 MP: 8/8
  3471 | D:5      | 3471 ||| READING scroll of brand weapon.
  3471 | D:5      | 3471 ||| BRANDING +0 war axe of draining.
  3472 | D:5      | 3472 ||| DROPPING +0 hand axe.
  3507 | D:5      | 3507 ||| DRINKING potion of curing.
  3507 | D:5      | 3507 ||| (to cure confusion)
  3535 | D:5      | 3535 ||| SWAPPING to +1 war axe of freezing.
  3536 | D:5      | 3536 ||| DROPPING +0 war axe of venom.
  3612 | D:5      | 3612 ||| Stepping ~*~*~tactically~*~*~ (stealth).
  3620 | D:5      | Reached skill level 8 in Shields
  3785 | D:5      | 3785 ||| Stepping ~*~*~tactically~*~*~ (stealth).
  3919 | D:5      | Found a basalt altar of Yredelemnul.
  4070 | D:5      | Reached skill level 9 in Shields
  4325 | D:5      | 4325 ||| UPGRADING to amulet of guardian spirit.
  4330 | D:5      | 4330 ||| DROPPING +6 ring of intelligence.
  4331 | D:5      | 4331 ||| READING 3 scrolls of identify.
  4331 | D:5      | 4331 ||| IDENTIFYING silvery potion
  4332 | D:5      | 4332 ||| READING 2 scrolls of identify.
  4332 | D:5      | 4332 ||| IDENTIFYING metallic clear potion
  4333 | D:5      | 4333 ||| DROPPING potion of berserk rage.
  4401 | D:6      | Found a staircase to the Ecumenical Temple.
  4402 | D:6      | 4402 ||| PLANNING TEMPLE
  4410 | Temple   | Entered the Ecumenical Temple
  4411 | Temple   | 4411 ||| PLANNING OKAWARU WORSHIP
  4526 | Temple   | Became a worshipper of Warmaster Okawaru
  4527 | Temple   | 4527 ||| PLANNING D:1-11
  4527 | Temple   | 4527 ||| REMOVING amulet of guardian spirit.
  4633 | D:6      | 4633 ||| FLEEEEING.
  4634 | D:6      | 4634 ||| FLEEEEING.
  4635 | D:6      | 4635 ||| FLEEEEING.
  4636 | D:6      | 4636 ||| FLEEEEING.
  4637 | D:6      | 4637 ||| FLEEEEING.
  4638 | D:6      | 4638 ||| FLEEEEING.
  4639 | D:6      | 4639 ||| FLEEEEING.
  4650 | D:6      | 4650 ||| Stepping ~*~*~tactically~*~*~ (hiding).
  4860 | D:6      | Noticed Prince Ribbit
  4873 | D:6      | Killed Prince Ribbit
  4874 | D:6      | Reached skill level 6 in Axes
  5010 | D:6      | Reached XP level 9. HP: 52/52 MP: 9/9
  5188 | D:6      | 5188 ||| Stepping ~*~*~tactically~*~*~ (stealth).
  5191 | D:6      | 5191 ||| Stepping ~*~*~tactically~*~*~ (stealth).
  5279 | D:6      | Reached skill level 10 in Shields
  5357 | D:6      | Reached * piety under Okawaru
  5698 | D:7      | Reached skill level 1 in Invocations
  5698 | D:7      | 5698 ||| STAIRDANCE
  5704 | D:6      | 5704 ||| INVOKING Heroism.
  5719 | D:6      | 5719 ||| INVOKING Heroism.
  5814 | D:7      | 5814 ||| STAIRDANCE
  5818 | D:6      | 5818 ||| INVOKING Heroism.
  5910 | D:7      | 5910 ||| STAIRDANCE
  5930 | D:6      | HP: 11/53 [orc priest/divine providence (11)]
  5931 | D:6      | 5931 ||| READING 3 scrolls of teleportation.
  5932 | D:6      | 5932 ||| DRINKING potion of heal wounds.
  6016 | D:6      | 6016 ||| FLEEEEING.
  6017 | D:6      | 6017 ||| FLEEEEING.
  6018 | D:6      | 6018 ||| FLEEEEING.
  6114 | D:6      | 6114 ||| UPGRADING to +0 plate armour.
  6124 | D:6      | 6124 ||| DROPPING +0 chain mail.
  6129 | D:7      | 6129 ||| INVOKING Heroism.
  6146 | D:7      | 6146 ||| STAIRDANCE
  6178 | D:7      | Found the +4 skin of Zhor {*Englaciate rC+++ SInv}
  6190 | D:7      | 6190 ||| UPGRADING to amulet of faith.
  6238 | D:7      | Noticed a rime drake
  6255 | D:7      | Killed a rime drake
  6347 | D:7      | Reached skill level 3 in Invocations
  6347 | D:7      | 6347 ||| DRINKING 2 potions of curing.
  6347 | D:7      | 6347 ||| (to cure confusion)
  6884 | D:7      | 6884 ||| INVOKING Heroism.
  6898 | D:7      | 6898 ||| Stepping ~*~*~tactically~*~*~ (stealth).
  6909 | D:7      | 6909 ||| INVOKING Heroism.
  6919 | D:7      | Reached XP level 10. HP: 55/59 MP: 11/13
  7124 | D:7      | 7124 ||| Stepping ~*~*~tactically~*~*~ (hiding).
  7125 | D:7      | 7125 ||| Stepping ~*~*~tactically~*~*~ (hiding).
  7204 | D:7      | Reached ** piety under Okawaru
  7251 | D:8      | Found a bloodstained altar of Trog.
  7469 | D:8      | 7469 ||| DRINKING potion of curing.
  7469 | D:8      | 7469 ||| (to cure confusion)
  7470 | D:8      | 7470 ||| Stepping ~*~*~tactically~*~*~ (hiding).
  7471 | D:8      | 7471 ||| Stepping ~*~*~tactically~*~*~ (hiding).
  7474 | D:8      | 7474 ||| Stepping ~*~*~tactically~*~*~ (hiding).
  7536 | D:8      | 7536 ||| INVOKING Heroism.
  7663 | D:8      | Found Wohar's Magic Scroll Shoppe.
  7667 | D:8      | 7667 ||| Stepping ~*~*~tactically~*~*~ (hiding).
  7687 | D:8      | 7687 ||| INVOKING Heroism.
  7796 | D:8      | 7796 ||| BUYING scroll of enchant armour (90 gold).
  7796 | D:8      | Bought a scroll of enchant armour for 90 gold pieces
  7796 | D:8      | 7796 ||| BUYING scroll of enchant armour (90 gold).
  7796 | D:8      | Bought a scroll of enchant armour for 90 gold pieces
  7796 | D:8      | 7796 ||| BUYING scroll of identify (24 gold).
  7796 | D:8      | Bought a scroll of identify for 24 gold pieces
  7796 | D:8      | 7796 ||| BUYING scroll of identify (24 gold).
  7796 | D:8      | Bought a scroll of identify for 24 gold pieces
  7796 | D:8      | 7796 ||| READING 2 scrolls of enchant armour.
  7796 | D:8      | 7796 ||| ENCHANTING +0 pair of gloves.
  7797 | D:8      | 7797 ||| READING scroll of enchant armour.
  7797 | D:8      | 7797 ||| ENCHANTING +1 pair of gloves.
  8218 | D:8      | 8218 ||| READING scroll labelled LEDAWI HUOPP.
  8219 | D:8      | 8219 ||| READING scroll labelled YMAYGA ATRIF.
  8280 | D:9      | 8280 ||| INVOKING Heroism.
  8285 | D:9      | 8285 ||| Stepping ~*~*~tactically~*~*~ (hiding).
  8290 | D:9      | 8290 ||| INVOKING Heroism.
  8296 | D:9      | Reached skill level 11 in Shields
  8296 | D:9      | 8296 ||| Stepping ~*~*~tactically~*~*~ (hiding).
  8300 | D:9      | Noticed a kobold demonologist
  8300 | D:9      | Noticed a kobold demonologist
  8306 | D:9      | 8306 ||| INVOKING Heroism.
  8306 | D:9      | Noticed an orange demon
  8312 | D:9      | Noticed an orange demon
  8314 | D:9      | Killed a kobold demonologist
  8320 | D:9      | Killed a kobold demonologist
  8331 | D:9      | 8331 ||| Stepping ~*~*~tactically~*~*~ (stealth).
  8460 | D:9      | 8460 ||| INVOKING Heroism.
  8463 | D:9      | Reached skill level 6 in Fighting
  8569 | D:9      | 8569 ||| Stepping ~*~*~tactically~*~*~ (stealth).
  8572 | D:9      | 8572 ||| Stepping ~*~*~tactically~*~*~ (stealth).
  8623 | D:9      | 8623 ||| Stepping ~*~*~tactically~*~*~ (hiding).
  8624 | D:9      | 8624 ||| Stepping ~*~*~tactically~*~*~ (hiding).
  8637 | D:9      | 8637 ||| INVOKING Heroism.
  8747 | D:9      | 8747 ||| Stepping ~*~*~tactically~*~*~ (stealth).
  8750 | D:9      | 8750 ||| Stepping ~*~*~tactically~*~*~ (hiding).
  8752 | D:9      | 8752 ||| Stepping ~*~*~tactically~*~*~ (hiding).
  8754 | D:9      | 8754 ||| Stepping ~*~*~tactically~*~*~ (hiding).
  8876 | D:9      | 8876 ||| INVOKING Heroism.
  8923 | D:9      | 8923 ||| Stepping ~*~*~tactically~*~*~ (stealth).
  8931 | D:9      | Reached skill level 9 in Axes
  8939 | D:9      | 8939 ||| INVOKING Heroism.
  8947 | D:9      | Reached *** piety under Okawaru
  9236 | D:9      | 9236 ||| UPGRADING to +4 ring of slaying {mikee}.
  9245 | D:10     | Entered Level 10 of the Dungeon
  9276 | D:10     | 9276 ||| INVOKING Heroism.
  9292 | D:10     | 9292 ||| INVOKING Heroism.
  9294 | D:10     | 9294 ||| Stepping ~*~*~tactically~*~*~ (hiding).
  9303 | D:10     | Reached XP level 11. HP: 61/64 MP: 12/14
  9314 | D:10     | Reached skill level 12 in Shields
  9348 | D:10     | 9348 ||| INVOKING Heroism.
  9390 | D:10     | 9390 ||| Stepping ~*~*~tactically~*~*~ (stealth).
  9483 | D:10     | Noticed Erolcha
  9484 | Abyss:1  | Cast into level 1 of the Abyss (Erolcha)
  9525 | Abyss:1  | 9525 ||| Stepping ~*~*~tactically~*~*~ (stealth).
  9534 | Abyss:1  | Reached skill level 6 in Armour
  9575 | Abyss:1  | Noticed a sixfirhy
  9586 | Abyss:1  | Killed a sixfirhy
  9601 | Abyss:1  | 9601 ||| Stepping ~*~*~tactically~*~*~ (stealth).
  9604 | Abyss:1  | 9604 ||| Stepping ~*~*~tactically~*~*~ (stealth).
  9606 | Abyss:1  | 9606 ||| Stepping ~*~*~tactically~*~*~ (stealth).
  9630 | Abyss:1  | Noticed a worldbinder
  9631 | Abyss:1  | 9631 ||| Stepping ~*~*~tactically~*~*~ (stealth).
  9653 | Abyss:1  | Noticed a large abomination
  9654 | Abyss:1  | 9654 ||| Stepping ~*~*~tactically~*~*~ (stealth).
  9659 | Abyss:1  | Killed a large abomination
  9659 | Abyss:1  | Reached **** piety under Okawaru
  9673 | Abyss:1  | 9673 ||| INVOKING Heroism.
  9688 | Abyss:1  | Noticed a skeletal warrior
  9688 | Abyss:1  | 9688 ||| INVOKING Heroism.
  9691 | Abyss:1  | Noticed a skeletal warrior
  9693 | Abyss:1  | HP: 15/67 [something (10)]
  9694 | Abyss:1  | 9694 ||| READING 4 scrolls of teleportation.
  9695 | Abyss:1  | 9695 ||| DRINKING potion of heal wounds.
  9696 | Abyss:1  | Noticed a skeletal warrior
  9697 | Abyss:1  | Killed from afar by a ynoxinul

Levels and vault maps discovered:
D:1:      tarquinn_simple_flora_water_a, layout_loops_corners,
          hellmonk_ecumenical_altar_zigzags
D:2:      layout_loops_cross, minmay_hexomino_u4
D:3:      layout_rooms, reono_crystal_passage
D:4:      cheibrodos_thug_alley, layout_loops_corners,
          nicolae_overflow_two_pavilions, portal_sewer_entry_d,
          minmay_statues_item, corexii_leaking_fountain, corexii_corridor_pit,
          uniq_ijyb, uniq_robin, uniq_grinder
D:5:      layout_gridville, yredelemnul_altar_generic
D:6:      layout_basic, minmay_temple_entry_poolview, grunt_ministairs_6,
          corexii_checkpoint_b, hangedman_decor_growths, uniq_prince_ribbit1
D:7:      layout_basic, roderic_cross_of_infinity, hellmonk_guarded_unrand_zhor
D:8:      layout_basic, kennysheep_little_box, serial_shops, shop,
          minmay_misc_feat_alley, unseen_surprise_small
D:9:      layout_cave_pools
D:10:     hangedman_cross_veins, layout_cave_pods, david_orc_4, special_room
          [special_room_bee], uniq_erolcha
Temple:   nicolae_temple_two_arcs
Abyss:1:  base: D:2, hangedman_abyss_or_decor_slice

Skill      XL: |  1  2  3  4  5  6  7  8  9 10 11 |
---------------+----------------------------------+-----
Axes           | 2 3 4 5 6 7 9 |  9.7
Dodging        | 2 |  2.1
Shields        | 6 7 9 10 11 12 | 12.0
Fighting       | 4 5 6 7 |  7.0
Invocations    | 4 |  4.4
Armour         | 4 5 6 |  6.1
Throwing       | 2 |  2.0

Action                     |  1- 3 |  4- 6 |  7- 9 | 10-12 || total
---------------------------+-------+-------+-------+-------++-------
  Melee: War axe           |    50 |   148 |   342 |   265 ||   805
  Throw: Boomerang         |    15 |    69 |    69 |    49 ||   202
 Invoke: Heroism           |       |       |     6 |    14 ||    20
    Use: Scroll            |     2 |    11 |     6 |     5 ||    24
         Potion            |       |     3 |     3 |     2 ||     8
 Armour: Scale mail        |    22 |    29 |       |       ||    51
         Chain mail        |       |    62 |   136 |       ||   198
         Plate armour      |       |       |    48 |   164 ||   212
  Dodge: Dodged            |    17 |    46 |    89 |    64 ||   216
  Block: Buckler           |    13 |    12 |       |       ||    25
         Tower shield      |       |    44 |   289 |   229 ||   562

Table legend:
 A = Non-vault XP
 B = Vault XP
 C = Vault XP percentage of total XP
 D = Non-vault monster count
 E = Vault monster count
 F = Vault count percentage of total count
                 A         B        C        D         E       F
            +---------+---------+-------+---------+---------+-------
      Total |   10779 |    2047 |  16.0 |     206 |      54 |  20.8
            +---------+---------+-------+---------+---------+-------
        D:1 |      21 |       0 |   0.0 |      15 |       0 |   0.0
        D:2 |      95 |      11 |  10.4 |      16 |       5 |  23.8
        D:3 |     249 |       0 |   0.0 |      23 |       0 |   0.0
        D:4 |     274 |     469 |  63.1 |      12 |      24 |  66.7
        D:5 |     616 |       0 |   0.0 |      17 |       0 |   0.0
        D:6 |    1332 |     313 |  19.0 |      25 |       4 |  13.8
        D:7 |    1116 |     373 |  25.1 |      29 |       1 |   3.3
        D:8 |     777 |       0 |   0.0 |      26 |       0 |   0.0
        D:9 |    3235 |       0 |   0.0 |      32 |       0 |   0.0
       D:10 |     996 |     691 |  41.0 |       5 |      18 |  78.3
    Abyss:1 |    2068 |     190 |   8.4 |       6 |       2 |  25.0
            +---------+---------+-------+---------+---------+-------
